 Dungeon Crawl Stone Soup version 0.27-a0-1280-g9d2d252d84 (webtiles) character file.

Game seed: 6732017738513186650

162669 CryoSword the Brawler (level 17, -11/165 HPs)
             Began as a Troll Warper on June 12, 2021.
             Was the Champion of the Shining One.
             Killed from afar by Jorgrun (38 damage)
             ... with an iron shot
             ... on level 1 of the Snake Pit on June 13, 2021.
             The game lasted 01:12:34 (23740 turns).

CryoSword the Brawler (Troll Warper)               Turns: 23740, Time: 01:12:35

Health: -11/165    AC: 15    Str: 23    XL:     17   Next: 22%
Magic:  0/21       EV: 11    Int: 13    God:    the Shining One [******]
Gold:   915        SH: 11    Dex: 16    Spells: 5/18 levels left

rFire    . . .     SeeInvis +     - Unarmed
rCold    + . .     Faith    .   F - +0 kite shield
rNeg     + + +     Spirit   +   G - +4 troll leather armour
rPois    +         Reflect  .   M - +2 hat {SInv}
rElec    .         Harm     .   P - +1 cloak {rPois}
rCorr    .         Rampage  .   (gloves unavailable)
Will     +....                  (boots unavailable)
Stlth    +.........             W - amulet of Noirean {Spirit rC+}
HPRegen  2.37/turn              p - +4 ring of slaying {=R}
MPRegen  0.17/turn              N - +6 ring of dexterity

@: hasted, glowing, studying Armour, very quick
A: large, unfitting armour, claws 3, regeneration 1, shaggy fur 1, tough skin 1
a: Renounce Religion, Divine Shield, Cleansing Flame, Summon Divine Warrior,
Brand Weapon With Holy Wrath


You were on level 1 of the Snake Pit.
You worshipped the Shining One.
The Shining One was exalted by your worship.
You visited 4 branches of the dungeon, and saw 24 of its levels.
You also visited: Volcano.

You collected 3653 gold pieces.
You spent 2738 gold pieces at shops.

Inventory:

Hand Weapons
 a - a +4 scimitar of flaming
   (You took it off an efreet on level 11 of the Dungeon)
Missiles
 d - 5 boomerangs of dispersal {!f}
 l - 23 boomerangs
 q - a curare-tipped dart
 E - 45 large rocks (quivered)
 R - a throwing net
Armour
 F - a +0 kite shield (worn)
   (You found it on level 9 of the Dungeon)
 G - a +4 troll leather armour (worn)
   (You found it on level 9 of the Dungeon)
 M - a +2 hat of see invisible (worn)
   (You took it off Gastronok on level 11 of the Dungeon)
 P - a +1 cloak of poison resistance (worn)
   (You bought it in a shop on level 7 of the Dungeon)
Jewellery
 i - a ring of wizardry
   (You found it on level 2 of the Dungeon)
 p - a +4 ring of slaying (left claw) {=R}
   (You found it on level 4 of the Dungeon)
 x - a ring of fire
   (You found it on level 6 of the Dungeon)
 N - a +6 ring of dexterity (right claw)
   (You found it on level 4 of the Lair of Beasts)
 W - the amulet of Noirean (around neck) {Spirit rC+}
   (You bought it in a shop on level 2 of the Orcish Mines)

   [amulet of guardian spirit]

   It causes incoming damage to be divided between your reserves of health and
   magic.
   It protects you from cold.
Wands
 r - a wand of iceblast (16)
   (You found it on level 4 of the Dungeon)
 Q - a wand of digging (5)
   (You took it off Maurice on level 13 of the Dungeon)
 U - a wand of acid (14)
   (You found it on level 3 of the Lair of Beasts)
Scrolls
 c - 2 scrolls of blinking
 f - a scroll of summoning
 h - 7 scrolls of amnesia
 k - 4 scrolls of immolation {!r}
 t - 6 scrolls of fear
 v - 2 scrolls of enchant armour
 y - 3 scrolls of fog
 A - 5 scrolls of teleportation {@r4}
 D - 3 scrolls of enchant weapon
 I - 2 scrolls of brand weapon
 J - a scroll of identify {@r1}
 K - 3 scrolls of holy word
 O - 3 scrolls of magic mapping
 T - 2 scrolls of silence
Potions
 b - 10 potions of curing {@q1}
 e - 2 potions of resistance
 g - 3 potions of heal wounds {@q2}
 j - 5 potions of mutation {!q}
 m - 5 potions of attraction {!q}
 o - 3 potions of might
 s - 3 potions of ambrosia
 u - a potion of magic
 w - 3 potions of lignification {!q}
 z - a potion of brilliance
 B - 2 potions of flight
 C - 8 potions of haste {@q3}
 H - a potion of cancellation
 L - 2 potions of berserk rage
Miscellaneous
 n - a phial of floods
   (You found it on level 12 of the Dungeon)


   Skills:
 + Level 9.7 Fighting
 + Level 8.0 Throwing
 + Level 7.1 Armour
 - Level 5.0 Dodging
 - Level 9.0 Shields
 * Level 18.8 Unarmed Combat
 - Level 1.2 Spellcasting
 - Level 8.0 Translocations
 + Level 7.1 Invocations


You had 5 spell levels left.
You knew the following spells:

 Your Spells              Type           Power      Damage    Failure   Level
a - Blink                 Tloc           N/A        N/A       1%          2
b - Lesser Beckoning      Tloc           10%        N/A       3%          3
c - Teleport Other        Tloc           21%        N/A       3%          3
d - Manifold Assault      Tloc           21%        N/A       32%         5

Your spell library contained the following spells:

 Spells                   Type           Power      Damage    Failure   Level
 Gell's Gravitas          Tloc           10%        N/A       3%          3
 Animate Skeleton         Necr           0%         N/A       30%         1
 Beastly Appendage        Tmut           0%         N/A       30%         1
 Freeze                   Ice            0%         1d3       30%         1
 Magic Dart               Conj           0%         1d3       30%         1
 Pain                     Necr           0%         1d4       30%         1
 Call Imp                 Summ           0%         N/A       43%         2
 Slow                     Hex            0%         N/A       43%         2
 Wereblood                Tmut           0%         N/A       43%         2
 Conjure Flame            Conj/Fire      0%         6-21      67%         3
 Frozen Ramparts          Ice            0%         1d2       67%         3
 Mephitic Cloud           Conj/Pois/Air  0%         N/A       67%         3
 Ozocubu's Armour         Ice            0%         N/A       67%         3
 Spider Form              Tmut/Pois      0%         N/A       67%         3
 Vampiric Draining        Necr           0%         2d6       67%         3
 Animate Armour           Summ/Erth      0%         N/A       97%         4
 Animate Dead             Necr           0%         N/A       97%         4
 Hailstorm                Conj/Ice       0%         3d3       97%         4
 Ice Form                 Ice/Tmut       0%         N/A       97%         4
 Leda's Liquefaction      Hex/Erth       0%         N/A       97%         4
 Agony                    Necr           0%         N/A       100%        5
 Bolt of Magma            Conj/Fire/Erth 0%         4d4       100%        5
 Metabolic Englaciation   Hex/Ice        0%         N/A       100%        5
 Iron Shot                Conj/Erth      0%         9d1       100%        6
 Statue Form              Tmut/Erth      0%         N/A       100%        6
 Lehudib's Crystal Spear  Conj/Erth      0%         10d2      100%        8
 Chain Lightning          Conj/Air       0%         N/A       100%        9
 Fire Storm               Conj/Fire      0%         5d1       100%        9
 Polar Vortex             Ice            0%         N/A       100%        9
 Shatter                  Erth           0%         3d5*      100%        9


Dungeon Overview and Level Annotations

Branches:
Dungeon (15/15)            Temple (0/1) D:6            Lair (6/6) D:11
 Shoals (0/4) Lair:3        Snake (1/4) Lair:3        Slime (0/5) Lair:6
    Orc (2/2) D:10            Elf (0/3) Orc:2        Vaults (0/5) D:14
 Depths (0/5) D:15        Volcano (visited)

Altars:
Cheibriados
Elyvilon
Fedhas
Kikubaaqudgha
Nemelex Xobeh
Okawaru
Sif Muna
Xom
Yredelemnul
Zin
The Shining One
Beogh

Shops:
D:7 (*!   D:11 ?   D:13 :   Orc:2 !=((

Annotations:
Snake:1 Jorgrun


Innate Abilities, Weirdness & Mutations

You are too large for most types of armour.
You have claws for hands.
Your natural rate of healing is unusually fast.
You are covered in fur. (AC +1)
You have tough skin. (AC +1)


Message History

The grasping roots constrict you! The black mamba bites you.
You escape the roots' grasp.
The black mamba bites you! You block the black mamba's attack.
Jorgrun casts a spell past you.
The wall shatters!
The blast of rock fragments hits you.
The black mamba bites you but does no damage.
You block the black mamba's attack.
There is an open door here.
The black mamba bites you! The black mamba completely misses you.
You block the black mamba's attack.
Jorgrun gestures at the rock wall while chanting.
Some rock shatters into small pieces.
You block the black mamba's attack. You block the black mamba's attack.
The black mamba bites you but does no damage.
You see here a +0 dire flail.
The black mamba bites you but does no damage.
Jorgrun casts a spell at you.
Roots burst forth from the earth!
The grasping roots grab you! The grasping roots constrict you!
The roots' grasp on you weakens, but your attempt to escape fails.
You block the black mamba's attack. The black mamba bites you!
The grasping roots constrict you!
The roots' grasp on you weakens, but your attempt to escape fails.
The black mamba bites you but does no damage.
You scratch the black mamba. You block the black mamba's attack.
* * * LOW HITPOINT WARNING * * *
The grasping roots constrict you! The black mamba bites you.
* * * LOW HITPOINT WARNING * * *
Unknown command.
Unknown command.
You claw the black mamba!
The naga mage mumbles some strange words.
The naga mage seems to speed up.
* * * LOW HITPOINT WARNING * * *
The grasping roots constrict you! You block the black mamba's attack.
You completely miss the black mamba. The black mamba barely misses you.
* * * LOW HITPOINT WARNING * * *
The grasping roots constrict you!
You claw the black mamba! You block the black mamba's attack.
You eviscerate the black mamba!!!
You kill the black mamba!
Jorgrun points at you and mumbles some strange words.
You are slowing down.
* * * LOW HITPOINT WARNING * * *
The grasping roots constrict you!
You feel much better.
* * * LOW HITPOINT WARNING * * *
The grasping roots constrict you!
Your limbs are stiffening.
You feel much better.
Jorgrun says, "'tis place shall be yer tomb!"
Jorgrun hits you with a staff of earth! Jorgrun shatters you.
The grasping roots constrict you! Jorgrun hits you with a staff of earth.
* * * LOW HITPOINT WARNING * * *
The grasping roots constrict you! The naga mage barely misses you.
You have turned to stone.
The naga mage hits you from afar with a +0 spear.
Jorgrun hits you but does no damage.
* * * LOW HITPOINT WARNING * * *
The grasping roots constrict you!
The naga mage hits you but does no damage.
Jorgrun hits you with a staff of earth.
* * * LOW HITPOINT WARNING * * *
x2 The grasping roots constrict you!
The naga mage hits you from afar with a +0 spear.
* * * LOW HITPOINT WARNING * * *
The grasping roots release their grip on you.
The naga mage hits you but does no damage.
Jorgrun hits you but does no damage.
The naga mage hits you but does no damage.
Jorgrun completely misses you.
The naga mage hits you from afar with a +0 spear.
* * * LOW HITPOINT WARNING * * *
The naga mage hits you but does no damage.
Jorgrun hits you with a staff of earth!
* * * LOW HITPOINT WARNING * * *
The naga mage hits you from afar with a +0 spear.
* * * LOW HITPOINT WARNING * * *
Jorgrun hits you but does no damage.
The naga mage hits you from afar with a +0 spear.
* * * LOW HITPOINT WARNING * * *
The naga mage hits you from afar with a +0 spear!
* * * LOW HITPOINT WARNING * * *
Jorgrun points at you and mumbles some strange words.
The iron shot hits you!!!
* * * LOW HITPOINT WARNING * * *
You turn to flesh and can move again.
You blink.
The naga mage spits poison at you.
The splash of poison hits you but does no damage.
You are poisoned.
You resist. Jorgrun hits you but does no damage.
The naga mage hits you but does no damage.
The naga mage grabs you. The naga mage constricts you.
Unknown command.
You don't have enough magic to cast this spell.
Blink to where?
You escape the naga mage's grasp.
As you read the scroll of blinking, it crumbles to dust.
You feel sick. Jorgrun gestures at you while chanting.
The wall shatters!
The blast of rock fragments hits you.
* * * LOW HITPOINT WARNING * * *
You feel sick.
You feel sick.
You hear a grinding noise.
You feel sick.
You feel sick.
You are no longer poisoned.
Some rock shatters into small pieces.
Jorgrun gestures at you while chanting.
You are slowing down.
Your limbs are stiffening.
You have turned to stone.
The naga mage is no longer moving quickly.
The naga mage gestures wildly while chanting.
The naga mage seems to speed up.
Jorgrun hits you but does no damage. Jorgrun hits you with a staff of earth.
* * * LOW HITPOINT WARNING * * *
The naga mage hits you from afar with a +0 spear.
* * * LOW HITPOINT WARNING * * *
Jorgrun points at you and mumbles some strange words.
The iron shot hits you!!
* * * LOW HITPOINT WARNING * * *
The naga mage hits you from afar with a +0 spear.
* * * LOW HITPOINT WARNING * * *
The naga mage hits you but does no damage.
Jorgrun hits you with a staff of earth!
* * * LOW HITPOINT WARNING * * *
The naga mage hits you from afar with a +0 spear.
* * * LOW HITPOINT WARNING * * *
Jorgrun casts a spell at you. The iron shot hits you!!!
* * * LOW HITPOINT WARNING * * *
The naga mage hits you from afar with a +0 spear.
You turn to flesh and can move again.
Unknown command.
You feel yourself speed up. You block the naga mage's attack.
Jorgrun hits you with a staff of earth!
* * * LOW HITPOINT WARNING * * *
Jorgrun shatters you!!
* * * LOW HITPOINT WARNING * * *
Jorgrun gestures at you while chanting. The iron shot hits you!!!
You die...

....## #.#.....# ##.#....# ..###
#.##.8.## #######......#.
.)######..#########...#........##
.)....................#..........
..##########..............#..#.##
.## #...#.._..N.......#.#. ##
#####.#....g.....##.#.#. # .
#.............####..#.#.
....##†..##.@...######..##...
..............#######........
..#####...##### ##.....####..
##.# ##..### ###.....## #.#
#..##....## #.).#..## #.. ###.#
#...## #....#....# ##.
....###....# #.....##)...# .
...........# #.#........## #
....#......# ..#...###.##


You could see Jorgrun and a naga mage (fast).

Vanquished Creatures
  Gastronok (D:11)
  Roxanne (D:14)
  A frost giant (D:15)
  Nessos (D:14)
  The ghost of DeathSun the Severer, a journeyman HOFi of Zin (Orc:1)
  Snorg (Lair:5)
  The ghost of Caczosev the Unseen, a journeyman SpWn of Ru (D:13)
  Josephine (D:13)
  3 vault guards (D:14)
  Harold (D:7)
  7 hydras
  A great orb of eyes (D:11)
  3 catoblepae
  A naga warrior (Snake:1)
  The ghost of Froggeryz the Cleaver, a journeyman DsGl of Okawaru (Lair:1)
  An ogre mage (D:11)
  4 centaur warriors
  2 death knights (D:15)
  A deep troll shaman (Lair:6)
  A dancing weapon (Lair:1)
  6 two-headed ogres
  4 tengu warriors
  5 naga sharpshooters (Snake:1)
  14 death yaks
  4 orc high priests (Orc:2)
  2 shock serpents (Snake:1)
  Urug (Orc:1)
  7 skeletal warriors (D:15)
  A naga ritualist (Snake:1)
  Pikel (D:8)
  An orc knight (Orc:1)
  A deep elf pyromancer (D:12)
  5 mana vipers
  10 ugly things
  8 cyclopes
  An orc sorcerer (Orc:2)
  8 elephants (Lair:6)
  2 manticores
  A salamander (Snake:1)
  Maurice (D:13)
  2 guardian serpents (Snake:1)
  A torpor snail (Lair:3)
  3 centaur zombies
  18 black mambas
  15 cane toads
  2 unseen horrors
  6 komodo dragons
  2 efreet
  4 yaktaurs
  6 rime drakes
  4 freezing wraiths
  5 polar bears
  4 trolls
  A meliai (D:12)
  5 hornets
  17 blink frogs
  10 slime creatures
  9 dream sheep
  A snapping turtle (Lair:3)
  4 spriggans
  Sigmund (D:6)
  A fire bat (Volcano)
  A shadow (D:11)
  4 wyverns
  8 wraiths
  11 humans
  46 yaks
  6 basilisks
  7 vampire mosquitoes
  2 wargs
  Grum (D:7)
  A steam dragon (Lair:4)
  The ghost of atomjack the Insei, an amateur OpTm (D:3)
  Edmund (D:6)
  9 nagas
  14 water moccasins
  2 hell hounds (Lair:2)
  An ice beast (D:8)
  9 ogres
  A black bear (D:3)
  13 orc warriors
  A boggart (D:13)
  6 necrophages
  26 wolves
  7 centaurs
  2 phantoms (D:4)
  A lemure (D:8)
  10 bullfrogs
  2 gnoll sergeants
  2 scorpions
  3 kobold brigands
  A wyvern skeleton (D:6)
  A water moccasin skeleton (D:7)
  5 wights (D:8)
  A howler monkey (D:10)
  A vampire bat (Orc:1)
  3 lava snakes (Volcano)
  A centaur skeleton (D:5)
  8 hounds
  2 jellies
  21 orc priests
  A gnoll shaman (D:4)
  Jessica (D:3)
  2 iguanas
  14 orc wizards
  A hell rat (D:11)
  A hound skeleton (D:4)
  A howler monkey zombie (D:11)
  2 howler monkey skeletons (D:4)
  An adder (D:2)
  28 gnolls
  2 river rats (D:11)
  A shadow imp (D:7)
  2 white imps
  2 ufetubi
  A worm (D:2)
  5 dart slugs
  35 orcs
  7 endoplasms
  3 giant cockroaches
  5 hobgoblins
  7 jackals
  19 kobolds
  4 quokkas
  10 ball pythons
  9 bats
  2 frilled lizards
  5 goblins
  A jackal skeleton (D:4)
  4 rats
656 creatures vanquished.

Vanquished Creatures (others)
  A vault guard (D:14)
  An orc priest (Orc:2)
  An orc (Orc:2)
  15 fungi
  38 plants
56 creatures vanquished.

Grand Total: 712 creatures vanquished

Notes
Turn   | Place    | Note
-------+----------+-------------------------------------------
     0 | D:1      | CryoSword the Troll Warper began the quest for the Orb.
     0 | D:1      | Reached XP level 1. HP: 19/19 MP: 1/1
    68 | D:1      | Reached XP level 2. HP: 26/28 MP: 2/2
   364 | D:1      | Reached XP level 3. HP: 35/35 MP: 3/3
   608 | D:1      | Reached skill level 3 in Unarmed Combat
  1102 | D:2      | Reached XP level 4. HP: 41/42 MP: 4/4
  1344 | D:3      | Noticed a black bear
  1393 | D:3      | Noticed Jessica
  1396 | D:3      | Killed Jessica
  1424 | D:3      | Reached skill level 4 in Unarmed Combat
  1427 | D:3      | Reached XP level 5. HP: 50/50 MP: 5/5
  1657 | D:3      | Killed a black bear
  1658 | D:3      | Reached XP level 6. HP: 34/59 MP: 6/6
  1709 | D:3      | Found a faded altar of an unknown god.
  1785 | D:3      | Found a runed translucent door.
  1785 | D:3      | Noticed atomjack's ghost (amateur OpTm)
  2299 | D:4      | Reached skill level 5 in Unarmed Combat
  2326 | D:4      | Found a shimmering altar of Xom.
  2428 | D:4      | Reached XP level 7. HP: 65/67 MP: 7/7
  2758 | D:4      | Reached skill level 6 in Unarmed Combat
  3414 | D:5      | Entered Level 5 of the Dungeon
  3501 | D:5      | Learned a level 2 spell: Blink
  3505 | D:5      | Learned a level 3 spell: Lesser Beckoning
  3509 | D:5      | Learned a level 3 spell: Teleport Other
  3613 | D:5      | Reached XP level 8. HP: 77/78 MP: 8/8
  3745 | D:5      | Found a blossoming altar of Fedhas.
  3748 | D:5      | Found an ancient bone altar of Kikubaaqudgha.
  3764 | D:5      | Reached skill level 7 in Unarmed Combat
  4068 | D:5      | Found a glowing golden altar of the Shining One.
  4074 | D:5      | Found a basalt altar of Yredelemnul.
  4078 | D:5      | Noticed an angel
  4083 | D:5      | Became a worshipper of the Shining One
  4093 | D:5      | Noticed a profane servitor
  4335 | D:6      | Found a staircase to the Ecumenical Temple.
  4432 | D:6      | Reached skill level 8 in Unarmed Combat
  4744 | D:6      | Noticed Edmund
  4749 | D:6      | Killed Edmund
  4771 | D:6      | Noticed Sigmund
  4775 | D:6      | Killed Sigmund
  4776 | D:6      | Reached skill level 5 in Fighting
  4836 | D:7      | Reached XP level 9. HP: 84/88 MP: 9/9
  4837 | D:7      | Reached skill level 5 in Translocations
  4893 | D:7      | Reached * piety under the Shining One
  5066 | D:7      | Reached skill level 9 in Unarmed Combat
  5096 | D:7      | Identified the +1 robe "Xythikon" {Rampage rPois Dex-3}
  5122 | D:7      | Found a shimmering blue altar of Sif Muna.
  5123 | D:7      | Found a snail-covered altar of Cheibriados.
  5135 | D:7      | Found Ossuusam's General Store.
  5156 | D:7      | Bought a +1 cloak of poison resistance for 216 gold pieces
  5156 | D:7      | Bought a scroll of identify for 32 gold pieces
  5206 | D:7      | Found Jinlev's Distillery.
  5224 | D:7      | Bought a potion of heal wounds for 75 gold pieces
  5247 | D:7      | Found a white marble altar of Elyvilon.
  5320 | D:7      | Noticed Grum
  5326 | D:7      | Killed Grum
  5582 | D:7      | Found Okucubeg's Antique Weapon Shoppe.
  5608 | D:7      | Noticed Harold
  5622 | D:7      | Killed Harold
  5623 | D:7      | Reached skill level 10 in Unarmed Combat
  5795 | D:8      | Reached XP level 10. HP: 85/98 MP: 10/10
  5981 | D:8      | Noticed Pikel
  5991 | D:8      | Killed Pikel
  6228 | D:8      | Noticed a two-headed ogre
  6521 | D:8      | Found a glowing silver altar of Zin.
  6667 | D:9      | Found a sparkling altar of Nemelex Xobeh.
  6731 | D:9      | Reached skill level 1 in Shields
  6941 | D:9      | Noticed a two-headed ogre
  6941 | D:9      | Reached ** piety under the Shining One
  6945 | D:9      | Killed a two-headed ogre
  6946 | D:9      | Reached skill level 11 in Unarmed Combat
  7382 | D:8      | Found a glowing silver altar of Zin.
  7565 | D:8      | Killed a two-headed ogre
  7658 | D:9      | Found an iron altar of Okawaru.
  7841 | D:7      | Bought a potion of flight for 45 gold pieces
  7841 | D:7      | Bought a potion of cancellation for 120 gold pieces
  8036 | D:10     | Entered Level 10 of the Dungeon
  8237 | D:10     | Paralysed by a hornet for 3 turns
  8320 | D:10     | Reached XP level 11. HP: 105/105 MP: 11/11
  8358 | D:10     | Found a staircase to the Orcish Mines.
  8448 | D:10     | Reached skill level 5 in Shields
  8448 | D:10     | Reached skill level 12 in Unarmed Combat
  8534 | D:10     | Noticed a two-headed ogre
  8680 | D:10     | Killed a two-headed ogre
  9237 | D:11     | Found Jeilof's Magic Scroll Shoppe.
  9250 | D:11     | Bought a scroll of enchant armour for 97 gold pieces
  9250 | D:11     | Bought a scroll of fear for 45 gold pieces
  9250 | D:11     | Bought a scroll of identify for 26 gold pieces
  9278 | D:11     | Noticed a two-headed ogre
  9285 | D:11     | Killed a two-headed ogre
  9344 | D:11     | Noticed Gastronok
  9372 | D:11     | Killed Gastronok
  9373 | D:11     | Reached skill level 13 in Unarmed Combat
  9389 | D:11     | Found a staircase to the Lair.
  9390 | D:11     | Noticed a death yak
  9391 | D:11     | Noticed a death yak
  9392 | D:11     | Noticed a death yak
  9458 | D:10     | Killed a death yak
  9509 | D:10     | Killed a death yak
  9520 | D:11     | Reached *** piety under the Shining One
  9527 | D:11     | Killed a death yak
  9528 | D:11     | Reached XP level 12. HP: 114/114 MP: 12/12
  9534 | D:11     | Learned a level 5 spell: Manifold Assault
  9591 | D:11     | Noticed a two-headed ogre
  9597 | D:11     | Killed a two-headed ogre
  9825 | D:11     | Found an iron altar of Okawaru.
 10086 | D:12     | Noticed a great orb of eyes
 10088 | D:12     | Noticed a centaur warrior
 10160 | D:11     | Killed a centaur warrior
 10161 | D:11     | Reached skill level 14 in Unarmed Combat
 10165 | D:12     | Paralysed by a great orb of eyes for 4 turns
 10186 | D:11     | Killed a great orb of eyes
 10202 | D:12     | Noticed a six-headed hydra
 10209 | D:12     | Noticed an ogre mage
 10287 | D:11     | Killed a one-headed hydra
 10368 | D:12     | Paralysed by an ogre mage for 2 turns
 10387 | D:12     | Paralysed by an ogre mage for 6 turns
 10396 | D:11     | Killed an ogre mage
 10397 | D:11     | Reached skill level 15 in Unarmed Combat
 10500 | D:12     | Noticed a centaur warrior
 10504 | D:12     | Killed a centaur warrior
 10841 | D:12     | Reached **** piety under the Shining One
 10981 | D:12     | Reached XP level 13. HP: 120/120 MP: 13/13
 11069 | D:13     | Noticed Maurice
 11090 | D:13     | Killed Maurice
 11091 | D:13     | Reached skill level 1 in Throwing
 11182 | D:13     | Noticed Josephine
 11206 | D:13     | Killed Josephine
 11265 | D:13     | Found a runed translucent door.
 11266 | D:13     | Noticed Caczosev's ghost (journeyman SpWn)
 11273 | D:13     | Identified the +10 spear of the Establishment {venom,
                  | Fragile rF+ rC- rN+++}
 11294 | D:13     | Identified the +1 cloak "Virhan" {rPois rN+ Dex+6 Slay-3}
 11306 | D:13     | Found Kusa's Book Emporium.
 11431 | D:11     | Bought a scroll of teleportation for 39 gold pieces
 11431 | D:11     | Bought a scroll of vulnerability for 97 gold pieces
 11586 | D:7      | Bought a potion of berserk rage for 75 gold pieces
 12108 | D:3      | Killed atomjack's ghost
 12314 | Lair:1   | Entered Level 1 of the Lair of Beasts
 12376 | Lair:1   | You fall into a shaft and drop 1 floor!
 12625 | Lair:2   | Found a dark tunnel.
 12639 | Volcano  | Entered a volcano
 13226 | Lair:1   | Found a runed translucent door.
 13226 | Lair:1   | Found a shimmering altar of Xom.
 13226 | Lair:1   | Noticed Froggeryz's ghost (journeyman DsGl)
 13403 | Lair:1   | Upgraded the game from 0.27-a0-1277-g3808f8b1c9 to
                  | 0.27-a0-1280-g9d2d252d84
 13434 | Lair:1   | Reached skill level 16 in Unarmed Combat
 13733 | Lair:1   | Killed Froggeryz's ghost
 14170 | Lair:3   | Found a staircase to the Snake Pit.
 14435 | Lair:3   | Reached ***** piety under the Shining One
 14724 | Lair:3   | Reached skill level 1 in Invocations
 14807 | Lair:3   | Found a staircase to the Shoals.
 15500 | D:11     | Bought a scroll of silence for 97 gold pieces
 15500 | D:11     | Bought a scroll of holy word for 97 gold pieces
 15500 | D:11     | Bought a scroll of identify for 26 gold pieces
 15616 | D:7      | Bought a potion of curing for 45 gold pieces
 15616 | D:7      | Bought a potion of curing for 45 gold pieces
 15616 | D:7      | Bought a potion of curing for 45 gold pieces
 15780 | Snake:1  | Entered Level 1 of the Snake Pit
 16043 | Lair:4   | Reached XP level 14. HP: 118/133 MP: 14/14
 17321 | Lair:5   | Reached skill level 5 in Throwing
 17495 | Lair:5   | Noticed Snorg
 17505 | Lair:5   | Killed Snorg
 17831 | Lair:6   | Entered Level 6 of the Lair of Beasts
 17855 | Lair:6   | Reached skill level 17 in Unarmed Combat
 17921 | Lair:6   | Reached skill level 5 in Dodging
 18528 | Lair:6   | Reached XP level 15. HP: 145/145 MP: 17/17
 18588 | Lair:6   | Found a staircase to the Slime Pits.
 19258 | D:13     | Killed Caczosev's ghost
 19315 | D:14     | Noticed Roxanne
 19400 | D:13     | Reached skill level 5 in Invocations
 19579 | D:14     | Noticed Nessos
 19678 | D:14     | Killed Nessos
 20132 | D:14     | Found a gate to the Vaults.
 20514 | D:14     | Killed Roxanne
 20515 | D:14     | Reached skill level 18 in Unarmed Combat
 20563 | D:15     | Entered Level 15 of the Dungeon
 20861 | D:15     | Reached ****** piety under the Shining One
 20955 | D:15     | Found a shimmering altar of Xom.
 20957 | D:15     | Found a shimmering altar of Xom.
 20957 | D:15     | Found a shimmering altar of Xom.
 20958 | D:15     | Found a shimmering altar of Xom.
 20959 | D:15     | Found a shimmering altar of Xom.
 20959 | D:15     | Found a shimmering altar of Xom.
 20964 | D:15     | Found a shimmering altar of Xom.
 21075 | D:15     | Found a staircase to the Depths.
 21075 | D:15     | Noticed a frost giant
 21086 | D:15     | Killed a frost giant
 21355 | Orc:1    | Entered Level 1 of the Orcish Mines
 21643 | Orc:2    | Entered Level 2 of the Orcish Mines
 21770 | Orc:2    | Found a staircase to the Elven Halls.
 22011 | Orc:2    | Found Edost's Weapon Emporium.
 22011 | Orc:2    | Found Liom's Distillery.
 22012 | Orc:2    | Found Kyihanol's Jewellery Shoppe.
 22055 | Orc:2    | Found Neungaho's Antique Weapon Emporium.
 22077 | Orc:2    | Bought the amulet of Noirean {Spirit rC+} for 572 gold
                  | pieces
 22196 | Orc:2    | Identified a scroll of acquirement
 22202 | Orc:2    | Acquired 851 gold pieces
 22204 | Orc:2    | Bought a potion of experience for 800 gold pieces
 22204 | Orc:2    | Bought a potion of heal wounds for 80 gold pieces
 22204 | Orc:2    | Bought a potion of brilliance for 64 gold pieces
 22204 | Orc:2    | Reached XP level 16. HP: 156/156 MP: 19/19
 22297 | Orc:1    | Found a runed translucent gate.
 22297 | Orc:1    | Found a runed translucent gate.
 22297 | Orc:1    | Found a runed translucent gate.
 22300 | Orc:1    | Noticed DeathSun's ghost (journeyman HOFi)
 22344 | Orc:1    | Noticed Urug
 22353 | Orc:1    | Killed Urug
 22568 | Orc:1    | Killed DeathSun's ghost
 22764 | Lair:3   | Reached XP level 17. HP: 139/163 MP: 18/21
 22965 | Snake:1  | Found a shimmering altar of Xom.
 23653 | Snake:1  | Noticed Jorgrun
 23740 | Snake:1  | Killed from afar by Jorgrun

Illustrated notes

Levels and vault maps discovered:
D:1:      psy_arrival_spokes, layout_loops_ring
D:2:      layout_rooms
D:3:      layout_loops_ring, hellmonk_ghost_happy_afterlife,
          shapermc_ecumenical_altar_totnotflames, minivault_19,
          serial_bayou_lake_a, uniq_jessica
D:4:      layout_loops_corners, general_overflow_altar
D:5:      layout_loops_ring, grunt_temple_overflow_growth_and_decay,
          grunt_temple_overflow_holy_war
D:6:      layout_cave_pools, temple_pool_b, sigmund_edmund_badplayer
D:7:      layout_cave_pools, lemuel_tele_altar, gammafunk_temple_overflow_pools,
          serial_gnoll_camp, gnoll_camp_mini_shop, grums_kennel,
          gnoll_camp_mini_shop, gnoll_camp_mini_loothouse, gnoll_camp_mini_shop,
          kennysheep_generic_room_9, uniq_harold
D:8:      layout_basic, zin_treasury, uniq_pikel
D:9:      layout_roguey, nicolae_overflow_hidden_temple, kennysheep_little_box
D:10:     layout_irregular_city, orc_0_dummy, hangedman_stone_soup
D:11:     layout_irregular_city, dpeg_lair_monsters, serial_shops,
          nicolae_shop_waterfront, okawaru_humans, uniq_gastronok, uniq_grum
D:12:     minmay_dotted_concentric_squares, layout_loops_ring
D:13:     layout_rooms, ebering_ghost_funeral_grove, serial_shops,
          shop_fountains, uniq_maurice, uniq_josephine
D:14:     layout_small_grid, ximxim_vaults_locker_room,
          hangedman_decor_peaks_small, grunt_decor_one_mirror, uniq_nessos,
          uniq_roxanne
D:15:     grunt_enter_depths_snipers, layout_long_grid, nicolae_xom_altar_mimics
Lair:1:   layout_roguey, ebering_ghost_xom
Lair:2:   layout_chaotic_city, enter_volcano_3, minmay_lindwurm_lava
Lair:3:   layout_cave_pods, minmay_shoals_entry_hut,
          guppyfry_snake_entry_garden, minivault_27, st_stairs_8,
          serial_bayou_shore_b
Lair:4:   layout_regular_city
Lair:5:   layout_hall_layers, uniq_snorg
Lair:6:   grunt_lair_end_beastmaster, layout_regular_city,
          nicolae_slime_entry_slimehenge
Snake:1:  layout_misc_corridors, basic_altar, nrook_guardian_serpent_double,
          grunt_megastairs_1, uniq_jorgrun
Orc:1:    layout_diamond_mine, gammafunk_ghost_split, basic_altar,
          roderic_batcave, uniq_urug
Orc:2:    st_orc_mages, layout_diamond_mine

Skill      XL: |  1  2  3  4  5  6  7  8  9 10 11 12 13 14 15 16 17 |
---------------+----------------------------------------------------+-----
Fighting       | 2 3 4 5 6 7 8 9 |  9.7
Unarmed Combat | 3 4 5 6 8 10 11 13 15 16 17 18 | 18.8
Translocations | 3 4 5 6 7 8 |  8.0
Dodging        | 3 4 5 |  5.0
Shields        | 4 7 9 |  9.0
Throwing       | 4 6 7 8 |  8.0
Invocations    | 2 4 6 7 |  7.1
Armour         | 6 7 |  7.1
Spellcasting   | |  1.2

Action                   |  1- 3 |  4- 6 |  7- 9 | 10-12 | 13-15 | 16-18 || total
-------------------------+-------+-------+-------+-------+-------+-------++-------
Melee: Unarmed           |   141 |    91 |   247 |   366 |  1132 |   174 ||  2151
       Punch             |     2 |       |     9 |     1 |       |       ||    12
       Scimitar          |       |       |       |     7 |    27 |       ||    34
Throw: Boomerang         |       |       |     1 |       |       |       ||     1
       Large rock        |       |       |       |     5 |    21 |       ||    26
 Cast: Blink             |       |       |     1 |     2 |     2 |     1 ||     6
Invok: Divine Shield     |       |       |       |       |     4 |     1 ||     5
  Use: Scroll            |       |       |     6 |     7 |    15 |     1 ||    29
       Potion            |       |       |       |       |     1 |     3 ||     4
 Stab: Sleeping          |       |     1 |       |       |       |       ||     1
Armor: Robe              |    38 |    22 |    53 |    15 |       |       ||   128
       Troll leather arm |       |       |       |   130 |   311 |    79 ||   520
Dodge: Dodged            |    77 |    46 |   107 |   148 |   338 |    64 ||   780
Block: Kite shield       |       |       |       |   170 |   541 |    87 ||   798
       Rpst.: Scimitar   |       |       |       |     1 |     1 |       ||     2

Table legend: (Time is in decaauts)
 A = Elapsed time spent in this place.
 B = Non-inter-level travel time spent in this place.
 C = Inter-level travel time spent in this place.
 D = Time resting spent in this place.
 E = Time spent auto-exploring this place.
 F = Levels seen in this place.
 G = Mean time per level.
                   A        B        C        D        E       F      G
               +--------+--------+--------+--------+--------+-----+--------+
         Total |  23431 |  20640 |   2791 |   1019 |  14053 |  25 |  937.2 |
       Dungeon |  14836 |  12702 |   2134 |    529 |   8723 |  15 |  989.1 |
          Lair |   6225 |   5712 |    513 |    333 |   3959 |   6 | 1037.5 |
     Snake Pit |    909 |    909 |      0 |    115 |    509 |   1 |  909.0 |
  Orcish Mines |   1262 |   1118 |    144 |     42 |    838 |   2 |  631.0 |
       Volcano |    196 |    196 |      0 |      0 |     22 |   1 |  196.0 |
               +--------+--------+--------+--------+--------+-----+--------+

Top non-repeatable levels by time:
     D:8: 1627 daAuts
  Lair:3: 1550 daAuts
    D:10: 1421 daAuts
    D:11: 1339 daAuts
     D:4: 1198 daAuts
  Lair:4: 1169 daAuts
  Lair:6: 1069 daAuts
    D:14: 1042 daAuts
     D:7: 1008 daAuts
     D:3: 975 daAuts
     D:9: 955 daAuts
 Snake:1: 909 daAuts
    D:12: 897 daAuts
     D:5: 850 daAuts
    D:13: 833 daAuts
